 Dungeon Crawl Stone Soup version 0.21-a0-625-g1119ec1 (webtiles) character file.

58 tof the Slasher (level 3, 0/33 HPs)
             Began as a Minotaur Monk on Dec 24, 2017.
             Slain by Sigmund
             ... wielding a +5 scythe of slicing
              (11 damage)
             ... on level 2 of the Dungeon.
             The game lasted 00:01:53 (865 turns).

tof the Slasher (Minotaur Monk)                      Turns: 865, Time: 00:01:55

Health: 0/33       AC:  5    Str: 15    XL:     3   Next: 76%
Magic:  2/2        EV: 12    Int:  7    God:
Gold:   46         SH:  0    Dex: 13    Spells: 2/2 levels left

rFire    . . .     SeeInvis .   a - +0 falchion
rCold    . . .     Gourm    .   (no shield)
rNeg     . . .     Faith    .   e - +0 ring mail
rPois    .         Spirit   .   (helmet restricted)
rElec    .         Reflect  .   (no cloak)
rCorr    .         Harm     .   (no gloves)
MR       .....                  (no boots)
Stlth    ..........             (no amulet)
HPRegen  0.11/turn              (no ring)
MPRegen  0.08/turn              (no ring)

@: confused
A: retaliatory headbutt, horns 2
a: no special abilities


You were on level 2 of the Dungeon.
You were not hungry.

You visited 1 branch of the dungeon, and saw 2 of its levels.

You collected 46 gold pieces.

Inventory:

Hand Weapons
 a - a +0 falchion (weapon)
Armour
 e - a +0 ring mail (worn)
Potions
 d - 2 potions of ambrosia {unknown}
 f - a potion of magic {unknown}
 g - a potion of berserk rage {unknown}
Comestibles
 b - 10 chunks of flesh
 c - 3 rations


   Skills:
 + Level 4.1 Fighting
 * Level 4.6 Long Blades
 + Level 1.3 Throwing
 + Level 1.5 Armour
 - Level 3.2 Dodging
 - Level 1.5 Stealth


You had 2 spell levels left.
You didn't know any spells.

Dungeon Overview and Level Annotations

Branches:
Dungeon (2/15)

Altars:

Annotations:
D:2 Sigmund


Innate Abilities, Weirdness & Mutations

You reflexively headbutt those who attack you in melee.
You have a pair of horns on your head.


Message History

You're too confused to move!
Sigmund misses you.
Sigmund laughs darkly.
Sigmund hits you with a scythe of slicing.
You feel less confused.
Sigmund points at you and mumbles some strange words.
You are confused.
You bump into the rock wall.
Sigmund barely misses you. Sigmund barely misses you.
Sigmund casts a spell at you.
You are more confused.
Sigmund casts a spell at you. The magic dart hits you!
Sigmund hits you from afar with a scythe of slicing.
Sigmund points at you and mumbles some strange words.
The magic dart hits you! Sigmund gestures at you while chanting.
You resist with significant effort.
Sigmund hits you with a scythe of slicing!
You die...

##### #........ #...#
#........ #.%.# #........
## #...# #......## .. #...#
#......# # #. #...#
#......# #.#. #...#
####......## #.#@##...#
#.........'. #....#.@.#
#.........## ####....#.@.#
#....#.####
........#...#########.#####
...........................
######..#############.#####
#..# #.##### #.$# #......
#..# ..######## #..#
..........


You could see Sigmund.

Vanquished Creatures
  An adder (D:2)
  2 dart slugs
  3 leopard geckos (D:1)
  3 giant cockroaches
  A goblin (D:2)
  3 hobgoblins
  6 jackals
  5 kobolds
  A ball python (D:1)
  7 bats (D:1)
  3 frilled lizards
  5 rats
40 creatures vanquished.

Notes
Turn   | Place    | Note
-------+----------+-------------------------------------------
     0 | D:1      | tof the Minotaur Monk began the quest for the Orb.
     0 | D:1      | Reached XP level 1. HP: 19/19 MP: 0/0
   223 | D:1      | Reached XP level 2. HP: 27/27 MP: 1/1
   357 | D:1      | Reached skill level 1 in Armour
   587 | D:1      | Reached skill level 1 in Throwing
   587 | D:1      | Reached XP level 3. HP: 27/33 MP: 2/2
   841 | D:2      | Noticed Sigmund
   865 | D:2      | Slain by Sigmund

Vault maps used:
D:1:      ncdulo_lavacross, minmay_tetromino_s2
D:2:      minmay_misc_feat_ornament, uniq_sigmund, uniq_crazy_yiuf_cottage

Skill      XL: |  1  2  3 |
---------------+----------+-----
Long Blades    | 4 |  4.6
Armour         | 1 |  1.5
Throwing       | 1 |  1.3
Fighting       | 4 |  4.1
Dodging        | |  3.2
Stealth        | |  1.5

Action                   || total
-------------------------++-------
Melee: Falchion          ||    88
       Headbutt          ||    13
 Stab: Sleeping          ||     3
       Distracted        ||     1
Armor: Robe              ||     2
       Ring mail         ||    16
Dodge: Dodged            ||    69
       Rpst.: Falchion   ||    16

Table legend:
 A = Spawn XP
 B = Non-spawn XP
 C = Spawn XP percentage of total XP
 D = Spawn monster count
 E = Non-spawn monster count
 F = Spawn count percentage of total count
 G = Total turns spent on level
                    A         B        C        D         E        F      G
               +---------+---------+-------+---------+---------+-------+---------
         Total |       0 |      84 |   0.0 |       0 |      40 |   0.0 |   865
               +---------+---------+-------+---------+---------+-------+---------
           D:1 |       0 |      51 |   0.0 |       0 |      29 |   0.0 |   677
           D:2 |       0 |      33 |   0.0 |       0 |      11 |   0.0 |   188
               +---------+---------+-------+---------+---------+-------+---------
